 Dungeon Sprint DCSS version 0.19.1 (webtiles) character file.

5595 equalderp2856 the Eviscerator (level 10, -9/49 HPs)
             Began as a Felid Fighter on Dec 18, 2016.
             Was a Priest of Elyvilon.
             Mangled by a vampire knight
             ... wielding a +0 war axe
              (10 damage)
             ... in the Dungeon (Sprint IX: "|||||||||||||||||||||||||||||").
             The game lasted 00:09:39 (3865 turns).

equalderp2856 the Eviscerator (Felid Fighter)       Turns: 3865, Time: 00:09:41

Health: -9/49      AC:  3    Str: 17    XL:     10   Next: 45%
Magic:  14/14      EV: 34    Int: 11    God:    Elyvilon [***...]
Gold:   565        SH:  0    Dex: 20    Spells: 0 memorised, 9 levels left
                                        Lives:  0   Deaths: 2

rFire  . . .     SeeInvis +       - Unarmed
rCold  + . .     Gourm    .     (armour unavailable)
rNeg   . . .     Faith    .     (shield unavailable)
rPois  .         Spirit   .     (helmet unavailable)
rElec  .         Reflect  .     (cloak unavailable)
rCorr  .         Harm     .     (gloves unavailable)
MR     +....     NoTele   +     (boots unavailable)
Stlth  ++++++++..               (no amulet)
                                n - +3 ring of dexterity
                                m - +3 ring of strength

@: studying Dodging, quick
A: no armour, no weapons or thrown items, stealth, claws 1, fangs 3, see
invisible, carnivore 3, speed 1, shaggy fur 3, slow metabolism 1, sharp paws
a: Lesser Healing, Heal Other, Purification, Divine Protection, Renounce
Religion


You were in the Dungeon.
You worshipped Elyvilon.
Elyvilon was most pleased with you.
You were not hungry.

You visited 1 branch You collected 1917 gold pieces.
You spent 1352 gold pieces at shops.

Inventory:

Jewellery
 m - a +3 ring of strength (left paw)
 n - a +3 ring of dexterity (right paw)
 w - an uncursed ring of protection from cold
 x - an uncursed ring of ice
 y - an uncursed ring of poison resistance
Wands
 l - a wand of lightning (1/15)
 u - a wand of polymorph (8/24)
Scrolls
 h - 2 scrolls of blinking
 j - 4 scrolls of remove curse
 k - 2 scrolls of amnesia
 q - a scroll of recharging
 A - a scroll of identify
 B - 2 scrolls of fear
Potions
 a - a potion of might
 c - 5 potions of curing
 d - 6 potions of heal wounds
 e - a potion of haste
 f - 4 potions of magic
 g - 2 potions of berserk rage
 i - a potion of invisibility
 o - a potion of brilliance
 p - 4 potions of resistance
 t - a potion of cancellation {unknown}
 v - a potion of agility {unknown}
 z - a potion of cure mutation
Books
 r - a manual of Dodging
Comestibles
 b - 12 meat rations


   Skills:
 + Level 9.0 Fighting
 + Level 16.9 Dodging
 + Level 18.3 Stealth
 + Level 24.2 Unarmed Combat
 + Level 4.0 Evocations


You had 9 spell levels left.
You didn't know any spells.

Dungeon Overview and Level Annotations

Branches:
Dungeon (1/1)

Altars:
Cheibriados
Dithmenos
Elyvilon
Fedhas
Gozag
Hepliaklqana
Kikubaaqudgha
Makhleb
Nemelex Xobeh
Okawaru
Qazlal
Ru
Sif Muna
Trog
Uskayaw
Vehumet
Xom
Yredelemnul
Zin
The Shining One
Beogh
Jiyva
Lugonu

Shops:
D ?%((


Innate Abilities, Weirdness & Mutations

You cannot wear armour.
You are incapable of wielding weapons or throwing items.
Your paws allow you to move quietly. (Stealth)
You have sharp claws.
You have razor-sharp teeth.
You have supernaturally acute eyesight. (SInv)
You are carnivorous and can eat meat at any time.
You cover ground quickly.
Your thick and shaggy fur keeps you warm. (AC +3, rC+)
You have a slow metabolism.
Your sharp claws are effective at attacking unaware monsters.


Message History

You bite the vampire knight, but do no damage.
The vampire knight is severely damaged.
The vampire knight misses you. x2
You barely miss the vampire knight. You claw the vampire knight.
You bite the vampire knight, but do no damage.
The vampire knight is severely damaged.
You scratch the vampire knight but do no damage.
The vampire knight is severely damaged.
The vampire knight hits you with a +0 war axe!!
The vampire knight completely misses you.
You completely miss the vampire knight.
The vampire knight is severely damaged.
You claw the vampire knight! Your claw misses the vampire knight.
Your bite misses the vampire knight.
The vampire knight is almost destroyed.
The vampire knight hits you with a +0 war axe!!
Ouch! That really hurt!
* * * LOW HITPOINT WARNING * * *
The vampire knight bites you!
You die...

▓.▓.▓.▓.▓'▓.▓.▓
▓_▓.▓.▓.▓.▓.▓.▓
▓_▓.▓.▓.▓.▓.▓?▓
▓_▓.▓.▓.▓.▓.▓.▓
▓_▓.▓.▓.▓.▓.▓†▓
▓_▓.▓.▓.▓.▓.▓.▓
▓_▓.▓.▓.▓)▓.▓.▓
▓_▓.▓.▓.▓.▓.▓V▓
▓_▓.▓÷▓.▓.▓.▓@▓
▓_▓.▓'▓.▓.▓.▓[▓
▓_▓.▓.▓.▓.▓.▓[▓
▓_▓.▓.▓.▓)▓.▓[▓
▓_▓.▓†▓.▓)▓.▓[▓
▓_▓.▓.▓.▓'▓.▓[▓
▓_▓.▓.▓.▓)▓.▓[▓
▓_▓.▓.▓.▓.▓.▓[▓
▓_▓.▓.▓.▓)▓.▓[▓


You could see a vampire knight.

Vanquished Creatures
  A stone giant (D)
  A very ugly thing (D)
  A great orb of eyes (D)
  A hydra (D)
  An ogre mage (D)
  2 orc high priests (D)
  Sonja (D)
  A hill giant (D)
  8 orc knights (D)
  2 deep elf magi (D)
  An ugly thing (D)
  An orc sorcerer (D)
  A cyclops (D)
  Maurice (D)
  8 elephants (D)
  A spiny frog (D)
  A black mamba (D)
  A yaktaur (D)
  3 komodo dragons (D)
  A troll (D)
  A hippogriff (D)
  A slime creature (D)
  Eustachio (D)
  3 basilisks (D)
  A yak (D)
  A water moccasin (D)
  14 orc warriors (D)
  5 porcupines (D)
  A sky beast (D)
  2 ogres (D)
  A crocodile (D)
  2 bullfrogs (D)
  A howler monkey (D)
  A crimson imp (D)
  3 orc priests (D)
  A hound (D)
  7 orc wizards (D)
  A worker ant (D)
  A gnoll (D)
  An adder skeleton (D)
  A dart slug (D)
  A leopard gecko (D)
  7 orcs (D)
  A goblin (D)
  A kobold (D)
  A quokka (D)
  2 ball python zombies (D)
  A bat (D)
102 creatures vanquished.

Notes
Turn   | Place    | Note
-------+----------+-------------------------------------------
     0 | D        | equalderp2856 the Felid Fighter began the quest for the Orb.
     0 | D        | Reached XP level 1. HP: 10/10 MP: 2/2
    14 | D        | Reached skill level 5 in Unarmed Combat
    14 | D        | Reached XP level 2. HP: 7/14 MP: 3/3
   177 | D        | Noticed an ogre
   186 | D        | Reached skill level 5 in Dodging
   186 | D        | Reached skill level 1 in Stealth
   186 | D        | Reached skill level 6 in Unarmed Combat
   186 | D        | Reached XP level 3. HP: 18/18 MP: 4/4
   199 | D        | Killed an ogre
   199 | D        | Reached skill level 5 in Fighting
   199 | D        | Reached skill level 8 in Unarmed Combat
   199 | D        | Reached XP level 4. HP: 10/23 MP: 5/5
   381 | D        | Found a roughly hewn altar of Beogh.
   381 | D        | Found a snail-covered altar of Cheibriados.
   381 | D        | Found a shadowy altar of Dithmenos.
   381 | D        | Found a white marble altar of Elyvilon.
   381 | D        | Found a blossoming altar of Fedhas.
   381 | D        | Found an opulent altar of Gozag.
   382 | D        | Found a hazy altar of Hepliaklqana.
   383 | D        | Found a viscous altar of Jiyva.
   384 | D        | Found an ancient bone altar of Kikubaaqudgha.
   385 | D        | Found a corrupted altar of Lugonu.
   386 | D        | Found a burning altar of Makhleb.
   387 | D        | Became a worshipper of Elyvilon the Healer
   388 | D        | Found a sparkling altar of Nemelex Xobeh.
   389 | D        | Found an iron altar of Okawaru.
   390 | D        | Found a stormy altar of Qazlal.
   391 | D        | Found a sacrificial altar of Ru.
   392 | D        | Found a deep blue altar of Sif Muna.
   393 | D        | Found a bloodstained altar of Trog.
   394 | D        | Found a hide-covered altar of Uskayaw.
   395 | D        | Found a radiant altar of Vehumet.
   396 | D        | Found a shimmering altar of Xom.
   397 | D        | Found a basalt altar of Yredelemnul.
   398 | D        | Found a glowing silver altar of Zin.
   399 | D        | Found a glowing golden altar of the Shining One.
   426 | D        | Noticed a hill giant
   426 | D        | Noticed an ogre
   429 | D        | Reached XP level 5. HP: 26/26 MP: 6/6
   432 | D        | Killed an ogre
   432 | D        | Reached skill level 9 in Unarmed Combat
   434 | D        | Reached skill level 10 in Unarmed Combat
   434 | D        | Gained mutation: You are covered in thick fur. (AC +2) [Felid growth]
   434 | D        | Reached XP level 6. HP: 31/31 MP: 7/7
   447 | D        | Killed a hill giant
   447 | D        | Reached skill level 10 in Dodging
   447 | D        | Reached skill level 12 in Unarmed Combat
   447 | D        | Reached XP level 7. HP: 34/36 MP: 8/8
   468 | D        | Noticed a slime creature
   468 | D        | Noticed a deep elf mage
   468 | D        | Noticed a troll
   470 | D        | Killed a troll
   470 | D        | Reached skill level 13 in Unarmed Combat
   477 | D        | Reached XP level 8. HP: 40/40 MP: 9/9
   481 | D        | Killed a deep elf mage
   481 | D        | Reached skill level 14 in Unarmed Combat
   486 | D        | Killed a slime creature
   641 | D        | Reached * piety under Elyvilon
   738 | D        | Noticed a komodo dragon
   934 | D        | Killed a komodo dragon
   934 | D        | Reached skill level 15 in Unarmed Combat
   936 | D        | Reached XP level 9. HP: 23/43 MP: 10/10
  1183 | D        | Noticed a black mamba
  1190 | D        | Killed a black mamba
  1190 | D        | Reached skill level 10 in Stealth
  1190 | D        | Reached skill level 16 in Unarmed Combat
  1196 | D        | Noticed a komodo dragon
  1196 | D        | Noticed a six-headed hydra
  1196 | D        | Noticed a spiny frog
  1198 | D        | Killed a spiny frog
  1241 | D        | Killed a six-headed hydra
  1241 | D        | Reached skill level 17 in Unarmed Combat
  1241 | D        | Reached skill level 1 in Evocations
  1241 | D        | Reached XP level 10. HP: 36/48 MP: 10/12
  1391 | D        | Noticed an elephant
  1391 | D        | Noticed an elephant
  1391 | D        | Noticed an elephant
  1391 | D        | Noticed an elephant
  1391 | D        | Noticed an elephant
  1391 | D        | Noticed an elephant
  1392 | D        | Noticed an elephant
  1399 | D        | Killed an elephant
  1399 | D        | Reached skill level 18 in Unarmed Combat
  1404 | D        | Killed an elephant
  1591 | D        | Killed an elephant
  1599 | D        | Killed an elephant
  1606 | D        | Killed an elephant
  1891 | D        | Killed an elephant
  1891 | D        | Reached skill level 19 in Unarmed Combat
  1905 | D        | Noticed an elephant
  1910 | D        | Killed an elephant
  1917 | D        | Killed an elephant
  1955 | D        | Reached ** piety under Elyvilon
  1956 | D        | Noticed Maurice
  1963 | D        | Killed Maurice
  1963 | D        | Reached XP level 11. HP: 37/51 MP: 13/15
  2281 | D        | Noticed an orc high priest
  2281 | D        | Noticed an orc sorcerer
  2281 | D        | Noticed an orc high priest
  2289 | D        | Killed an orc high priest
  2291 | D        | Noticed an orc knight
  2291 | D        | Paralysed by an orc sorcerer for 2 turns
  2293 | D        | HP: 1/52 [orc sorcerer/bolt of negative energy (38)]
  2669 | D        | Killed an orc sorcerer
  2669 | D        | Reached skill level 20 in Unarmed Combat
  2677 | D        | Killed an orc high priest
  2677 | D        | Reached skill level 15 in Dodging
  2694 | D        | Killed an orc knight
  2694 | D        | Reached skill level 15 in Stealth
  2866 | D        | Found Witwal's Weapon Boutique.
  2866 | D        | Noticed an orc knight
  2866 | D        | Noticed an orc knight
  2866 | D        | Noticed an orc knight
  2868 | D        | Killed an orc knight
  2869 | D        | Found Qewk's Antique Weapon Shop.
  2873 | D        | Found Buwkey Hoyp's Food Boutique.
  2874 | D        | Noticed an orc knight
  2875 | D        | Killed an orc knight
  2877 | D        | Noticed an orc knight
  2880 | D        | Noticed an orc knight
  2885 | D        | Noticed an orc knight
  2886 | D        | Killed an orc knight
  2887 | D        | Found Fecwev's Magic Scroll Shop.
  2894 | D        | Killed an orc knight
  2894 | D        | Reached skill level 21 in Unarmed Combat
  3039 | D        | Killed an orc knight
  3091 | D        | Killed an orc knight
  3220 | D        | Killed an orc knight
  3426 | D        | Bought a scroll of acquirement for 676 gold pieces
  3434 | D        | Bought a scroll of acquirement for 676 gold pieces
  3459 | D        | Noticed Sonja
  3466 | D        | Killed Sonja
  3504 | D        | Noticed Eustachio
  3511 | D        | Killed Eustachio
  3539 | D        | Reached *** piety under Elyvilon
  3591 | D        | Noticed a brown ugly thing
  3591 | D        | Noticed a deep elf mage
  3593 | D        | Killed a deep elf mage
  3593 | D        | Reached skill level 22 in Unarmed Combat
  3593 | D        | Gained mutation: Your thick and shaggy fur keeps you warm. (AC +3, rC+) [Felid growth]
  3593 | D        | Reached XP level 12. HP: 56/56 MP: 16/16
  3599 | D        | Noticed a great orb of eyes
  3600 | D        | Noticed a stone giant
  3612 | D        | Noticed an ogre mage
  3613 | D        | Noticed a purple very ugly thing
  3618 | D        | Noticed a vampire knight
  3626 | D        | Killed a great orb of eyes
  3626 | D        | Reached skill level 23 in Unarmed Combat
  3637 | D        | Killed a stone giant
  3649 | D        | Killed a purple very ugly thing
  3649 | D        | Reached skill level 24 in Unarmed Combat
  3654 | D        | Killed an ogre mage
  3661 | D        | Mangled by a vampire knight
  3662 | D        | Reached XP level 11. HP: -8/53 MP: 15/15
  3791 | D        | Paralysed by a vampire knight for 3 turns
  3794 | D        | Slain by a vampire knight
  3795 | D        | Reached XP level 10. HP: -5/49 MP: 14/14
  3865 | D        | HP: 1/49 [vampire knight/+0 war axe (27)]
  3865 | D        | Mangled by a vampire knight

Skill      XL: |  1  2  3  4  5  6  7  8  9 10 11 12 |
---------------+-------------------------------------+-----
Unarmed Combat | 5 6 8 10 12 13 15 17 19 22 24 | 24.2
Fighting       | 4 5 7 8 9 |  9.0
Dodging        | 5 6 7 8 10 12 13 14 15 16 | 16.9
Stealth        | 1 2 4 6 7 9 11 13 17 18 | 18.3
Evocations     | 1 4 |  4.0

Action                   |  1- 3 |  4- 6 |  7- 9 | 10-12 || total
-------------------------+-------+-------+-------+-------++-------
Melee: Unarmed           |    32 |    19 |    51 |   275 ||   377
       Bite              |     5 |     4 |     8 |    50 ||    67
       Punch             |       |     3 |     6 |    36 ||    45
Evoke: Wand              |       |       |     6 |       ||     6
  Use: Scroll            |       |       |       |     3 ||     3
       Potion            |       |       |       |     5 ||     5
 Stab: Sleeping          |     1 |       |     5 |     9 ||    15
       Distracted        |       |       |       |     6 ||     6
  Eat: Meat ration       |       |       |       |     1 ||     1
Armor: Skin              |       |       |     1 |     3 ||     4
Dodge: Dodged            |    23 |    10 |    37 |   150 ||   220
